 Dungeon Crawl Stone Soup version 0.27-a0-96-gb51a1d6fd6 (webtiles) character file.

Game seed: 12774547968366837531

191 Drachen the Sneak (level 5, -3/42 HPs)
             Began as a Demonspawn Delver on Jan 19, 2021.
             Slain by Grinder (4 damage)
             ... on level 3 of the Dungeon.
             The game lasted 00:12:35 (3414 turns).

Drachen the Sneak (Demonspawn Delver)               Turns: 3414, Time: 00:12:36

Health: -3/42      AC: 10    Str: 14    XL:     5   Next: 42%
Magic:  5/5        EV: 12    Int: 11    God:
Gold:   135        SH:  0    Dex: 14    Spells: 4/4 levels left

rFire    + . .     SeeInvis .   a - +0 hand axe
rCold    . . .     Faith    .   (no shield)
rNeg     . . .     Spirit   .   b - +0 leather armour
rPois    .         Reflect  .   (no helmet)
rElec    .         Harm     .   m - +0 cloak
rCorr    .         Rampage  .   (no gloves)
Will     .....                  (no boots)
Stlth    +++.......             (no amulet)
HPRegen  0.14/turn              s - ring of flight
MPRegen  0.09/turn              (no ring)

@: sanguine armour, hasted, very quick
A: claws 1, fire resistance 1, sanguine armour 1
a: Evoke Flight


You were on level 3 of the Dungeon.
You visited 1 branch of the dungeon, and saw 5 of its levels.

You collected 135 gold pieces.

Inventory:

Hand Weapons
 a - a +0 hand axe (weapon)
Armour
 b - a +0 leather armour (worn)
 m - a +0 cloak (worn)
Jewellery
 r - an uncursed ring of fire
 s - a ring of flight (left claw)
Wands
 g - a wand of digging (3)
Scrolls
 c - 3 scrolls of fog
 d - 3 scrolls of magic mapping
 e - a scroll of fear
 j - a scroll of immolation {unknown}
 k - 4 scrolls of identify {unknown}
 l - a scroll of teleportation {unknown}
 o - a scroll of amnesia {unknown}
 p - a scroll of enchant armour {unknown}
Potions
 f - 2 potions of haste
 n - a potion of magic {unknown}
 q - a potion of might {unknown}


   Skills:
 + Level 3.7 Fighting
 + Level 2.8 Axes
 + Level 1.0 Throwing
 + Level 1.9 Armour
 + Level 2.7 Dodging
 - Level 5.0 Stealth


You had 4 spell levels left.
You didn't know any spells.
Your spell library was empty.

Dungeon Overview and Level Annotations

Branches:
Dungeon (5/15)
 Temple: D:4-7

Altars:

Annotations:
D:3 Grinder


Innate Abilities, Weirdness & Mutations

You have sharp fingernails.
Your flesh is heat resistant. (rF+)
When seriously injured, your bleeding wounds create armour. (AC +6)


Message History

The floor, spattered with blood.
Unknown command.
You hit Grinder but do no damage.
Grinder is severely wounded.
Grinder hits you but does no damage.
You barely miss Grinder.
Grinder is severely wounded.
Grinder hits you!
* * * LOW HITPOINT WARNING * * *
You feel yourself speed up. Grinder closely misses you.
You hit Grinder but do no damage.
Grinder is heavily wounded.
Grinder hits you.
* * * LOW HITPOINT WARNING * * *
You writhe in agony.
* * * LOW HITPOINT WARNING * * *
Okay, then.
As you read the scroll of fear, it crumbles to dust.
You assume a fearsome visage.
Grinder is unaffected.
Grinder hits you.
You die...

#. ####...####
####.#############.........###
.............................#
#.....###.##.#####..5.)....#.#
....5......................#.#
..........#(..####..#...##.#.#
#.....#####....###..#...##.#.#
###^.## #h.#..##..######.#.#
#... #h###(@5......##.#.#
..#.. #..#..#######.##.#.#
.###. ##...## #.#....### . ..
##.## #........## ##...# #.#
#.......... #....# #.#
##.......## #..#.# #.#
##...#.## ..... ..# ##.##.#
.... ..# #.##.##


You could see Grinder.

Vanquished Creatures
  A jelly (D:3)
  A worker ant (D:4)
  3 adders
  A white imp (D:3)
  An ooze (D:1)
  A dart slug (D:3)
  7 leopard geckos
  4 orcs
  A giant cockroach (D:1)
  14 goblins
  6 hobgoblins
  15 jackals
  2 quokkas (D:4)
  A ball python (D:2)
  7 bats
  8 frilled lizards
  5 kobolds
  6 rats
84 creatures vanquished.

Notes
Turn   | Place    | Note
-------+----------+-------------------------------------------
     0 | D:5      | Drachen the Demonspawn Delver began the quest for the Orb.
     0 | D:5      | Reached XP level 1. HP: 18/18 MP: 1/1
    30 | D:5      | Gained mutation: When seriously injured, your bleeding
                  | wounds create armour. (AC +6) [demonic ancestry]
    30 | D:5      | Reached XP level 2. HP: 9/24 MP: 2/2
   148 | D:5      | Noticed an ogre
   269 | D:4      | Gained mutation: Your flesh is heat resistant. (rF+)
                  | [demonic ancestry]
   269 | D:4      | Reached XP level 3. HP: 11/29 MP: 3/3
   301 | D:4      | Reached skill level 1 in Armour
   485 | D:4      | Noticed an ogre
   588 | D:3      | Reached XP level 4. HP: 33/35 MP: 4/4
  2053 | D:2      | Reached skill level 5 in Stealth
  2207 | D:2      | Gained mutation: You have sharp fingernails. [demonic
                  | ancestry]
  2207 | D:2      | Reached XP level 5. HP: 41/41 MP: 5/5
  3104 | D:3      | Reached skill level 1 in Throwing
  3346 | D:3      | Noticed Grinder
  3413 | D:3      | HP: 2/42 [Grinder (6)]
  3414 | D:3      | Slain by Grinder

Illustrated notes

Levels and vault maps discovered:
D:1:      saegor_arrival_simple_e, layout_rooms
D:2:      layout_basic
D:3:      layout_loops_ring, guppyfry_early_orc_mine, uniq_grinder
D:4:      layout_cave_pools, corexii_corridor_pit
D:5:      layout_cave_pools, lemuel_crystal_altar, overflow_temple_1_default,
          minmay_temple_entry_mist, serial_shops, nicolae_shop_trees, uniq_ijyb

Skill      XL: |  1  2  3  4  5 |
---------------+----------------+-----
Dodging        | 2 |  2.7
Axes           | 2 |  2.8
Armour         | 1 |  1.9
Stealth        | 5 |  5.0
Throwing       | 1 |  1.0
Fighting       | |  3.7

Action                   |  1- 3 |  4- 6 || total
-------------------------+-------+-------++-------
Melee: Hand axe          |    51 |   293 ||   344
Throw: Javelin           |       |     7 ||     7
  Use: Potion            |       |     2 ||     2
       Scroll            |       |     1 ||     1
 Stab: Sleeping          |     3 |    10 ||    13
       Distracted        |       |     1 ||     1
Armor: Leather armour    |    19 |    96 ||   115
Dodge: Dodged            |    60 |   221 ||   281

Table legend: (Time is in decaauts)
 A = Elapsed time spent in this place.
 B = Non-inter-level travel time spent in this place.
 C = Inter-level travel time spent in this place.
 D = Time resting spent in this place.
 E = Time spent auto-exploring this place.
 F = Levels seen in this place.
 G = Mean time per level.
                   A        B        C        D        E       F      G
               +--------+--------+--------+--------+--------+-----+--------+
         Total |   3475 |   3461 |     14 |    849 |   1621 |   5 |  695.0 |
       Dungeon |   3475 |   3461 |     14 |    849 |   1621 |   5 |  695.0 |
               +--------+--------+--------+--------+--------+-----+--------+

Top non-repeatable levels by time:
     D:3: 1109 daAuts
     D:2: 990 daAuts
     D:1: 795 daAuts
     D:4: 427 daAuts
     D:5: 152 daAuts
